MWL (24 & UNDER)
PLUMSTEAD EAGLES @ COLUMBIA 08S
10/03/2027
 
TOP OF THE 1ST
Plumstead Eagles batting - Pitching for Columbia 08s : RHP Claudio Romero
Pitching: RHP Claudio Romero
Batting: RHB Pablo Villarreal 0-0: Ball
1-0: Foul Ball, location: 2F
1-1: SINGLE (Groundball, 3D)
Batting: RHB Rob Brady 0-0: Ball
1-0: Ball
2-0: SINGLE (Groundball, 6MD)
Pablo Villarreal to second
Batting: RHB Jaime Rodríguez 0-0: Foul Ball, location: 2F
0-1: Ball
1-1: Ball
2-1: Ball
3-1: Swinging Strike
3-2: Foul Ball, location: 2F
3-2: Foul Ball, location: 2F
3-2: SINGLE (Line Drive, 7LM)
Pablo Villarreal to third
Rob Brady to second
Runner from 3rd tries for Home, SAFE, no throw
Batting: RHB Juan Caceres 0-0: Ball
1-0: Swinging Strike
1-1: Ball
2-1: Called Strike
2-2: Ball
3-2: Strikes out swinging
Batting: RHB Kolomon Meise 0-0: Ball
1-0: Called Strike
1-1: Fly out, F9 (Flyball, 9S)
Batting: RHB Jeff Townsley 0-0: SINGLE (Groundball, 56S) (infield hit)
Rob Brady to third
Jaime Rodríguez to second
Batting: RHB José Moreno 0-0: Called Strike
0-1: Called Strike
0-2: Ball
1-2: Ball
2-2: Foul Ball, location: 2F
2-2: Foul Ball, location: 2F
2-2: Foul Ball, location: 2F
2-2: Foul Ball, location: 2F
2-2: Fielders Choice at 2nd, 4-6 (Groundball, 4)
Top of the 1st over - 1 run(s), 4 hit(s), 0 error(s), 2 left on base; Plumstead 1 - Columbia 0
BOTTOM OF THE 1ST
Columbia 08s batting - Pitching for Plumstead Eagles : LHP Joe Cates
Pitching: LHP Joe Cates
Batting: RHB Álex Ochoa 0-0: Called Strike
0-1: Ball
1-1: Fly out, F8 (Flyball, 8RM)
Batting: RHB Bill Bourland 0-0: Ball
1-0: Ball
2-0: Reached on error, E1 (Groundball, 13)
Batting: LHB Elvin Summers 0-0: Ball
1-0: Called Strike
1-1: Ball
2-1: Foul Ball, location: 2F
2-2: Ball
3-2: Foul Ball, location: 2F
3-2: Foul Ball, location: 2F
3-2: SINGLE (Groundball, 4D)
Bill Bourland to second
Runner from 2nd tries for 3rd, SAFE, throw made to third
Elvin Summers to second
Batting: LHB Dave Raines 0-0: Foul Ball, location: 2F
0-1: Ball
1-1: Ball
2-1: Foul Ball, location: 2F
2-2: Foul Ball, location: 2F
2-2: Strikes out swinging
Batting: SHB Jorge Rodríguez 0-0: Ball
1-0: Ball
2-0: Called Strike
2-1: Foul Ball, location: 2F
2-2: Ball
3-2: Base on Balls
Batting: RHB James Hunter 0-0: Called Strike
0-1: Ball
1-1: Foul Ball, location: 2F
1-2: Ball
2-2: Strikes out swinging
Bottom of the 1st over - 0 run(s), 1 hit(s), 1 error(s), 3 left on base; Plumstead 1 - Columbia 0
TOP OF THE 2ND
Plumstead Eagles batting - Pitching for Columbia 08s : RHP Claudio Romero
Batting: RHB Howard Johnson 0-0: Ball
1-0: Ball
2-0: Foul Ball, location: 2F
2-1: Called Strike
2-2: Foul Ball, location: 2F
2-2: Foul Ball, location: 2F
2-2: Ball
3-2: Strikes out swinging
Batting: LHB Ryan Flynn 0-0: DOUBLE (Flyball, 89D)
Batting: RHB Pablo Villarreal 0-0: Ball
1-0: Called Strike
1-1: Ground out 6-3 (Groundball, 6)
Batting: RHB Rob Brady 0-0: Ball
1-0: Swinging Strike
1-1: Ball
2-1: Swinging Strike
2-2: Foul Ball, location: 2F
2-2: Foul Ball, location: 2F
2-2: Ball
3-2: Strikes out looking
Top of the 2nd over - 0 run(s), 1 hit(s), 0 error(s), 1 left on base; Plumstead 1 - Columbia 0
BOTTOM OF THE 2ND
Columbia 08s batting - Pitching for Plumstead Eagles : LHP Joe Cates
Batting: LHB Claudio Palácios 0-0: Ball
1-0: Ball
2-0: Fly out, F3 (Line Drive, 3)
Batting: RHB Carlos Estrada 0-0: Ball
1-0: Foul Ball, location: 2F
1-1: Foul Ball, location: 2F
1-2: Ball
2-2: Fly out, F9 (Flyball, 9LM)
Batting: RHB Álex Martínez 0-0: Ball
1-0: Swinging Strike
1-1: Foul Ball, location: 2F
1-2: Foul Ball, location: 2F
1-2: Strikes out swinging
Bottom of the 2nd over - 0 run(s), 0 hit(s), 0 error(s), 0 left on base; Plumstead 1 - Columbia 0
TOP OF THE 3RD
Plumstead Eagles batting - Pitching for Columbia 08s : RHP Claudio Romero
Batting: RHB Jaime Rodríguez 0-0: Swinging Strike
0-1: Called Strike
0-2: Ball
1-2: Ball
2-2: Strikes out swinging
Batting: RHB Juan Caceres 0-0: Fly out, F9 (Flyball, 9S)
Batting: RHB Kolomon Meise 0-0: Ball
1-0: Foul Ball, location: 2F
1-1: Swinging Strike
1-2: Ball
2-2: Ball
3-2: Base on Balls
Batting: RHB Jeff Townsley 0-0: Ball
1-0: Called Strike
1-1: Fly out, F8 (Flyball, 8LM)
Top of the 3rd over - 0 run(s), 0 hit(s), 0 error(s), 1 left on base; Plumstead 1 - Columbia 0
BOTTOM OF THE 3RD
Columbia 08s batting - Pitching for Plumstead Eagles : LHP Joe Cates
Batting: RHB Álex Ochoa 0-0: Ground out 5-3 (Groundball, 56S)
Batting: RHB Bill Bourland 0-0: SINGLE (Line Drive, 89S)
Batting: LHB Elvin Summers 0-0: Called Strike
0-1: Ball
1-1: Ball
2-1: Fielders Choice at 2nd, 1-6 (Groundball, 13S)
Batting: LHB Dave Raines 0-0: Ball
1-0: Fielders Choice at 2nd, 4-6 (Groundball, 4)
Bottom of the 3rd over - 0 run(s), 1 hit(s), 0 error(s), 0 left on base; Plumstead 1 - Columbia 0
TOP OF THE 4TH
Plumstead Eagles batting - Pitching for Columbia 08s : RHP Claudio Romero
Batting: RHB José Moreno 0-0: Ball
1-0: Called Strike
1-1: Foul Ball, location: 2F
1-2: Ball
2-2: Ball
3-2: Strikes out swinging
Batting: RHB Howard Johnson 0-0: Called Strike
0-1: Called Strike
0-2: Ball
1-2: Strikes out swinging
Batting: LHB Ryan Flynn 0-0: Swinging Strike
0-1: Called Strike
0-2: Strikes out looking
Top of the 4th over - 0 run(s), 0 hit(s), 0 error(s), 0 left on base; Plumstead 1 - Columbia 0
BOTTOM OF THE 4TH
Columbia 08s batting - Pitching for Plumstead Eagles : LHP Joe Cates
Batting: SHB Jorge Rodríguez 0-0: Called Strike
0-1: Called Strike
0-2: Ball
1-2: SINGLE (Groundball, 6MD)
Batting: RHB James Hunter 0-0: Foul Ball, location: 2F
0-1: Ball
1-1: Foul Ball, location: 2F
1-2: Strikes out swinging
Batting: LHB Claudio Palácios 0-0: Grounds into double play, 4-6-3 (Groundball, 4)
Bottom of the 4th over - 0 run(s), 1 hit(s), 0 error(s), 0 left on base; Plumstead 1 - Columbia 0
TOP OF THE 5TH
Plumstead Eagles batting - Pitching for Columbia 08s : RHP Claudio Romero
Batting: RHB Pablo Villarreal 0-0: Called Strike
0-1: DOUBLE (Flyball, 8LXD)
Batting: RHB Rob Brady 0-0: Ball
1-0: Called Strike
1-1: Ball
2-1: Called Strike
2-2: Ball
3-2: Ground out 6-3 (Groundball, 6)
Pitching: RHP Danny Johnston
Batting: RHB Jaime Rodríguez 0-0: Swinging Strike
0-1: Ball
1-1: Foul Ball, location: 2F
1-2: Foul Ball, location: 2F
1-2: Ball
2-2: Strikes out swinging
Batting: RHB Juan Caceres 0-0: Foul Ball, location: 2F
0-1: Ball
1-1: Ball
2-1: Ball
3-1: Foul Ball, location: 2F
3-2: Strikes out swinging
Top of the 5th over - 0 run(s), 1 hit(s), 0 error(s), 1 left on base; Plumstead 1 - Columbia 0
BOTTOM OF THE 5TH
Columbia 08s batting - Pitching for Plumstead Eagles : LHP Joe Cates
Batting: RHB Carlos Estrada 0-0: Called Strike
0-1: Ball
1-1: Foul Ball, location: 2F
1-2: Ground out 6-3 (Groundball, 56)
Batting: RHB Álex Martínez 0-0: Ball
1-0: Foul Ball, location: 2F
1-1: Ball
2-1: Ball
3-1: Base on Balls
Batting: RHB Álex Ochoa 0-0: Called Strike
0-1: Ball
1-1: Fly out, F5 (Line Drive, 5L)
Batting: RHB Bill Bourland 0-0: Ball
1-0: Called Strike
1-1: Ball
2-1: Foul Ball, location: 2F
2-2: Ball
3-2: Ground out 5-3 (Groundball, 56)
Bottom of the 5th over - 0 run(s), 0 hit(s), 0 error(s), 1 left on base; Plumstead 1 - Columbia 0
TOP OF THE 6TH
Plumstead Eagles batting - Pitching for Columbia 08s : RHP Danny Johnston
Batting: RHB Kolomon Meise 0-0: Fly out, F8 (Flyball, 89M)
Batting: RHB Jeff Townsley 0-0: Foul Ball, location: 2F
0-1: Ball
1-1: Called Strike
1-2: Ground out 6-3 (Groundball, 6)
Batting: RHB José Moreno 0-0: Ground out 1-3 (Groundball, 15)
Top of the 6th over - 0 run(s), 0 hit(s), 0 error(s), 0 left on base; Plumstead 1 - Columbia 0
BOTTOM OF THE 6TH
Columbia 08s batting - Pitching for Plumstead Eagles : LHP Joe Cates
Batting: LHB Elvin Summers 0-0: Called Strike
0-1: Called Strike
0-2: Ball
1-2: Foul Ball, location: 2F
1-2: Foul Ball, location: 2F
1-2: Foul Ball, location: 2F
1-2: Ball
2-2: Ground out 4-3 (Groundball, 4S)
Pitching: RHP Jesús Germán
Batting: LHB Dave Raines 0-0: Ball
1-0: Ball
2-0: Ball
3-0: Base on Balls
Batting: SHB Jorge Rodríguez 0-0: Ball
1-0: Ball
2-0: Ball
3-0: Called Strike
3-1: Base on Balls
Dave Raines to second
Batting: RHB James Hunter 0-0: Fly out, F7 (Flyball, 7)
Batting: LHB Claudio Palácios 0-0: Called Strike
0-1: DOUBLE (Flyball, 78M)
Dave Raines scores
Jorge Rodríguez to third
Runner from 3rd tries for Home, SAFE, throw made at trailing runner, SAFE at third!
Pitching: LHP Jorge Torres
Batting: RHB Carlos Estrada 0-0: Ball
1-0: Ball
2-0: DOUBLE (Line Drive, 78D)
Claudio Palácios scores
Batting: RHB Álex Martínez 0-0: Ball
1-0: Ball
2-0: Ball
3-0: Base on Balls
Batting: RHB Álex Ochoa 0-0: Called Strike
0-1: Fielders Choice at 2nd, 6-4 (Groundball, 6)
Bottom of the 6th over - 3 run(s), 2 hit(s), 0 error(s), 1 left on base; Plumstead 1 - Columbia 3
TOP OF THE 7TH
Plumstead Eagles batting - Pitching for Columbia 08s : RHP Danny Johnston
Batting: RHB Howard Johnson 0-0: Foul Ball, location: 2F
0-1: Called Strike
0-2: Ground out 6-3 (Groundball, 6)
Batting: LHB Ryan Flynn 0-0: Ball
1-0: Called Strike
1-1: DOUBLE (Flyball, 9LM)
Batting: RHB Pablo Villarreal 0-0: Ground out 6-3 (Groundball, 6)
Ryan Flynn to third
Batting: RHB Rob Brady 0-0: Called Strike
0-1: Called Strike
0-2: Ground out 6-3 (Groundball, 6)
Top of the 7th over - 0 run(s), 1 hit(s), 0 error(s), 1 left on base; Plumstead 1 - Columbia 3
BOTTOM OF THE 7TH
Columbia 08s batting - Pitching for Plumstead Eagles : LHP Jorge Torres
Batting: RHB Bill Bourland 0-0: Ball
1-0: Called Strike
1-1: SINGLE (Groundball, 34D)
Batting: LHB Elvin Summers 0-0: Foul Ball, location: 2F
0-1: Ball
1-1: Ball
2-1: Foul Ball, location: 2F
2-2: Foul Ball, location: 2F
2-2: Reached on error, E1 (Groundball, 13)
Bill Bourland to second
Batting: LHB Dave Raines 0-0: Ball
1-0: Foul Ball, location: 2F
1-1: Called Strike
1-2: Foul Ball, location: 2F
1-2: Ball
2-2: SINGLE (Line Drive, 9LS)
Bill Bourland to third
Elvin Summers to second
Runner from 3rd tries for Home, SAFE, no throw
Batting: SHB Jorge Rodríguez 0-0: Ball
1-0: Foul Ball, location: 2F
1-1: Called Strike
Elvin Summers steals 3rd base
Dave Raines to second
1-2: SINGLE (Groundball, 34D)
Elvin Summers scores
Dave Raines to third
Runner from 3rd tries for Home, SAFE, no throw
Pitching: RHP Paul Orr
Batting: RHB James Hunter Pickoff Throw to First - Out!
0-0: Fly out, F9 (Flyball, 9S)
Batting: LHB Claudio Palácios 0-0: Ball
1-0: Ball
2-0: Called Strike
2-1: Foul Ball, location: 2F
2-2: Foul Ball, location: 2F
2-2: Ball
3-2: Base on Balls
Batting: RHB Carlos Estrada 0-0: Foul Ball, location: 2F
0-1: Fly out, F4 (Popup, 4S)
Bottom of the 7th over - 3 run(s), 3 hit(s), 1 error(s), 1 left on base; Plumstead 1 - Columbia 6
TOP OF THE 8TH
Plumstead Eagles batting - Pitching for Columbia 08s : RHP Danny Johnston
Now at 1B: Darrel Lang
Now at 3B: Jack Crossey
Batting: RHB Jaime Rodríguez 0-0: Ball
1-0: Ball
2-0: Ball
3-0: Called Strike
3-1: Fly out, F7 (Flyball, 78M)
Pitching: LHP Henny van der Lack
Batting: RHB Juan Caceres 0-0: Called Strike
0-1: Foul Ball, location: 2F
0-2: Ball
1-2: Ball
2-2: Fly out, F8 (Flyball, 8LXD)
Batting: RHB Kolomon Meise 0-0: Called Strike
0-1: Swinging Strike
0-2: Strikes out swinging
Top of the 8th over - 0 run(s), 0 hit(s), 0 error(s), 0 left on base; Plumstead 1 - Columbia 6
BOTTOM OF THE 8TH
Columbia 08s batting - Pitching for Plumstead Eagles : RHP Paul Orr
Batting: RHB Álex Martínez 0-0: Called Strike
0-1: Swinging Strike
0-2: Ball
1-2: Strikes out swinging
Batting: RHB Álex Ochoa 0-0: Called Strike
0-1: Foul Ball, location: 2F
0-2: Ball
1-2: Ground out 5-3 (Groundball, 56)
Batting: RHB Bill Bourland 0-0: Ball
1-0: Foul Ball, location: 2F
1-1: Ball
2-1: Ball
3-1: Base on Balls
Batting: LHB Elvin Summers 0-0: Ball
Bill Bourland steals 2nd base
1-0: Ball
2-0: Ball
3-0: Called Strike
3-1: Swinging Strike
3-2: Foul Ball, location: 2F
3-2: Foul Ball, location: 2F
3-2: Ground out 6-3 (Groundball, 6)
Bottom of the 8th over - 0 run(s), 0 hit(s), 0 error(s), 1 left on base; Plumstead 1 - Columbia 6
TOP OF THE 9TH
Plumstead Eagles batting - Pitching for Columbia 08s : LHP Henny van der Lack
Pitching: RHP José Peña
Now at SS: Ernesto Villa
Batting: RHB Jeff Townsley 0-0: Ball
1-0: Swinging Strike
1-1: Foul Ball, location: 2F
1-2: Ground out 1-3 (Groundball, 15S)
Batting: RHB José Moreno 0-0: DOUBLE (Line Drive, 7LM)
Batting: RHB Howard Johnson 0-0: Ball
1-0: Swinging Strike
1-1: Called Strike
1-2: Foul Ball, location: 2F
1-2: Strikes out swinging
Batting: LHB Ryan Flynn 0-0: Ball
1-0: Ball
2-0: Called Strike
2-1: Foul Ball, location: 2F
2-2: Strikes out looking
Top of the 9th over - 0 run(s), 1 hit(s), 0 error(s), 1 left on base; Plumstead 1 - Columbia 6
Thursday, March 30th, 2017 - OOTP Baseball 17.12 Build 75